[Event "Titled Tuesday Blitz March 21 Late 2023"]
[White "lisjakzlatko1"]
[Black "Barria Santos, Jose Guilherme"]
[BlackFideId "1939300"]
[WhiteElo "2165"]
[BlackElo "2301"]
[Result "0-1"]
[Round "08"]
[TimeControl "180+2"]
[Date "2023.03.21"]
[WhiteClock "0:00:32"]
[BlackClock "0:00:47"]

1. e4 c5 2. b4 cxb4 3. Bb2 e6 4. Nf3 Nc6 5. d4 d5 6. exd5 exd5 7. c4 bxc3 8. Nxc3 Nf6 9. Bd3 Bd6 10. h3 O-O 11. O-O a6 12. Rc1 Ne7 13. Ne5 Bf5 14. Re1 Bxd3 15. Qxd3 Ng6 16. Na4 b5 17. Nc5 Ra7 18. Nc6 Qc7 19. Nxa6 Rxa6 20. Ne7+ Qxe7 21. Rxe7 Bxe7 22. Qxb5 Rxa2 23. g3 Bd6 24. Qb3 Rfa8 25. Rc6 Bf8 26. g4 Ne4 27. Qxd5 Rxb2 28. Qxe4 Ra1+ 29. Kg2 Raa2 30. Qf3 Nh4+ 31. Kg3 Nxf3 32. Kxf3 Rxf2+ 33. Ke4 Ra5 0-1


[Site "https://www.chess.com"]

[Event "Titled Tuesday Blitz March 21 Late 2023"]
[White "Kramnik, Vladimir"]
[Black "Sjugirov, Sanan"]
[WhiteFideId "4101588"]
[BlackFideId "4189302"]
[WhiteElo "2712"]
[BlackElo "2569"]
[Result "1-0"]
[Round "09"]
[TimeControl "180+2"]
[Date "2023.03.21"]
[WhiteClock "0:00:01"]
[BlackClock "0:00:03"]

1. Nf3 d5 2. g3 Nf6 3. Bg2 e6 4. O-O Be7 5. c4 O-O 6. d4 dxc4 7. Qa4 a6 8. Qxc4 b5 9. Qc2 Bb7 10. Bf4 Bd6 11. Nbd2 Nbd7 12. Rac1 Rc8 13. Nb3 Be4 14. Qd2 Qe7 15. Ne5 Bxg2 16. Kxg2 Bxe5 17. dxe5 Nd5 18. Bg5 Qe8 19. e4 N5b6 20. Be3 Nc4 21. Qe2 c5 22. f4 Nxe3+ 23. Qxe3 c4 24. Nd4 Nc5 25. Nf3 Qc6 26. Rce1 Nd3 27. Re2 Qc5 28. Qxc5 Rxc5 29. h4 Rfc8 30. h5 h6 31. Rd1 b4 32. Red2 Ra5 33. b3 Nc5 34. bxc4 Nxe4 35. Rd8+ Rxd8 36. Rxd8+ Kh7 37. Rd7 Rxa2+ 38. Kh3 b3 39. Rxf7 Rf2 40. Nh4 Kg8 41. Rb7 Nc5 42. Rb8+ Kf7 43. Ng6 Nd7 44. Rxb3 Ke8 45. Rb7 Kd8 46. Ra7 Ra2 47. f5 Nc5 48. f6 gxf6 49. exf6 Ne4 50. f7 Ng5+ 51. Kg4 Nxf7 52. Rxf7 Re2 53. Ra7 Re4+ 54. Kf3 Rxc4 55. Ne5 Rc5 56. Ke4 Ra5 57. Nc6+ 1-0


[Site "https://www.chess.com"]

[Event "Titled Tuesday Blitz March 21 Late 2023"]
[White "Gholami Orimi, Mahdi"]
[Black "Van Foreest, Jorden"]
[WhiteFideId "12558486"]
[BlackFideId "1039784"]
[WhiteElo "2363"]
[BlackElo "2633"]
[Result "1-0"]
[Round "09"]
[TimeControl "180+2"]
[Date "2023.03.21"]
[WhiteClock "0:00:17"]
[BlackClock "0:00:06"]

1. d4 d5 2. c4 c6 3. Nf3 Nf6 4. g3 g6 5. Bg2 Bg7 6. O-O O-O 7. Ne5 Ng4 8. cxd5 cxd5 9. Bf4 Nc6 10. Nf3 Qb6 11. Nc3 Rd8 12. Na4 Qb5 13. Rc1 Bf5 14. b3 Rac8 15. Qd2 Nf6 16. Ne5 Ne4 17. Qb2 Nxe5 18. dxe5 h5 19. Be3 h4 20. Bxa7 hxg3 21. hxg3 Bh6 22. e3 Ng5 23. Bd4 Be4 24. Nc3 Qd7 25. f4 Bxg2 26. Qxg2 Ne6 27. Bb6 Re8 28. Qxd5 Qc6 29. Qxc6 bxc6 30. Na4 f6 31. exf6 exf6 32. Kf2 Bf8 33. Rfd1 Ng7 34. Kf3 Re6 35. Bc5 Rce8 36. Rc3 Nf5 37. Rdd3 g5 38. Bxf8 Rxf8 39. e4 Nh6 40. Nc5 Re7 41. Rd7 Ree8 42. Rcd3 Nf7 43. Rc7 Rc8 44. Rdd7 Rxc7 45. Rxc7 Rd8 46. Rxc6 Rd2 47. Rxf6 gxf4 48. gxf4 Rxa2 49. e5 Rc2 50. Ne4 Rb2 51. Rb6 Kg7 52. e6 Nh6 53. e7 Kf7 54. Rxh6 Rxb3+ 55. Kg4 Kxe7 56. Ng5 Rb1 57. Rh7+ Kf6 58. Rh6+ Kg7 59. Rh7+ Kg8 60. Ra7 Rb4 61. Ne6 Re4 62. Kf5 Rb4 63. Kf6 Rb6 64. f5 Rc6 65. Kg6 Rc8 66. f6 Kh8 67. Rh7+ 1-0


[Site "https://www.chess.com"]

[Event "Titled Tuesday Blitz March 21 Late 2023"]
[White "Carlsen, Magnus"]
[Black "Matlakov, Maxim"]
[WhiteFideId "1503014"]
[BlackFideId "4168003"]
[WhiteElo "2852"]
[BlackElo "2666"]
[Result "1-0"]
[Round "09"]
[TimeControl "180+2"]
[Date "2023.03.21"]
[WhiteClock "0:00:28"]
[BlackClock "0:00:03"]

1. d4 d5 2. c4 c6 3. Nf3 Nf6 4. g3 Bf5 5. Nc3 e6 6. Nh4 Be4 7. f3 Bg6 8. Qb3 Qb6 9. c5 Qxb3 10. axb3 Na6 11. Nxg6 hxg6 12. Ra4 Nc7 13. Bf4 Kd7 14. b4 Be7 15. Bxc7 Kxc7 16. b5 b6 17. b4 cxb5 18. Nxb5+ Kb7 19. e3 a5 20. bxa5 bxc5 21. dxc5 Bxc5 22. Bd3 Rxa5 23. Rxa5 Bb4+ 24. Ke2 Bxa5 25. Nd6+ Kc7 26. Nxf7 Rb8 27. Rc1+ Kd7 28. Rc2 Bc7 29. Bxg6 Rb3 30. Bd3 Bb6 31. Ne5+ Kd6 32. f4 Nd7 33. Rc6+ Ke7 34. Ng6+ Kf7 35. g4 Rb2+ 36. Rc2 Rxc2+ 37. Bxc2 e5 38. h4 d4 39. fxe5 dxe3 40. Bf5 Nf8 41. Nf4 Bc7 42. e6+ Ke8 43. Nd5 1-0


[Site "https://www.chess.com"]

[Event "Titled Tuesday Blitz March 21 Late 2023"]
[White "Alekseenko, Kirill"]
[Black "Erigaisi Arjun"]
[WhiteFideId "4135539"]
[BlackFideId "35009192"]
[WhiteElo "2683"]
[BlackElo "2737"]
[Result "0-1"]
[Round "09"]
[TimeControl "180+2"]
[Date "2023.03.21"]
[WhiteClock "0:00:02"]
[BlackClock "0:00:06"]

1. e4 d6 2. d4 g6 3. Nf3 Bg7 4. Be3 a6 5. c4 c5 6. Nc3 cxd4 7. Nxd4 Nf6 8. Be2 O-O 9. O-O Nc6 10. Rc1 Bd7 11. f3 Nxd4 12. Bxd4 Qa5 13. Qd2 Rfc8 14. Rfd1 Be6 15. b3 Nd7 16. Bxg7 Kxg7 17. f4 f6 18. Kh1 g5 19. Rf1 gxf4 20. Rxf4 Kh8 21. Bg4 Bxg4 22. Rxg4 Rg8 23. Qe2 Qe5 24. Rxg8+ Rxg8 25. Qf3 Nc5 26. Re1 h5 27. Rf1 Ne6 28. Qe3 Qg5 29. Qxg5 Nxg5 30. Nd5 Rg7 31. Rf4 Kh7 32. h3 Kh6 33. Kh2 Ne6 34. Rf5 Nc5 35. Rf4 Nd3 36. Rf3 Nc5 37. Re3 Kg6 38. b4 Ne6 39. Rg3+ Kf7 40. Rxg7+ Nxg7 41. Kg3 Ne6 42. Kh4 Ng5 43. Nc3 Kg6 44. Kg3 f5 45. Kf4 e5+ 46. Ke3 f4+ 47. Kf2 h4 48. a4 Kf7 49. a5 Ke6 50. b5 Kd7 51. Ke2 Ke6 52. Kf2 Kf7 53. Ke2 Kg6 54. Kf2 Ne6 55. Nd5 Nc5 56. Kf3 Nb3 57. bxa6 bxa6 58. Nb4 Nxa5 59. Nxa6 Nxc4 60. Kg4 Ne3+ 61. Kxh4 Nxg2+ 62. Kg4 Ne3+ 63. Kf3 Nc4 64. Ke2 Kg5 65. Nc7 Kh4 66. Ne6 Kxh3 67. Kd3 Nb6 0-1


[Site "https://www.chess.com"]

[Event "Titled Tuesday Blitz March 21 Late 2023"]
[White "Sargsyan, Shant"]
[Black "Maghsoodloo, Parham"]
[WhiteFideId "13306766"]
[BlackFideId "12539929"]
[WhiteElo "2628"]
[BlackElo "2647"]
[Result "1-0"]
[Round "09"]
[TimeControl "180+2"]
[Date "2023.03.21"]
[WhiteClock "0:00:19"]
[BlackClock "0:00:04"]

1. c4 Nf6 2. g3 e6 3. Bg2 d5 4. d4 Bb4+ 5. Bd2 a5 6. Nf3 O-O 7. Qc2 Nbd7 8. O-O c6 9. Bf4 b6 10. cxd5 cxd5 11. a3 Be7 12. Nc3 Ba6 13. Rfc1 Rc8 14. Qa4 Rc4 15. Qd1 Qa8 16. e3 Rfc8 17. Bf1 R4c6 18. Nb5 Qb7 19. Rxc6 Rxc6 20. Rc1 Ne4 21. h4 h6 22. h5 Nef6 23. Rxc6 Qxc6 24. Na7 Qb7 25. Bxa6 Qxa6 26. Nc6 Bf8 27. Nfe5 Nxe5 28. Nxe5 Qc8 29. g4 Bd6 30. Kg2 Bxe5 31. Bxe5 Nd7 32. Bg3 Qc4 33. b3 Qc6 34. Qd3 Nf6 35. f3 b5 36. Be1 a4 37. bxa4 bxa4 38. Bb4 Nd7 39. Bc5 Qb7 40. Bb4 Qc7 41. Qb5 Qc2+ 42. Kg3 Nf6 43. Qb8+ Kh7 44. Be7 Ng8 45. Bb4 Qe2 46. Qf4 f6 47. e4 Qc4 48. exd5 Qxd5 49. Qe4+ f5 50. Qxd5 exd5 51. Kf4 fxg4 52. fxg4 Nf6 53. Be7 Ne4 54. Ke5 Nf2 55. Kxd5 Nxg4 56. Ke6 g6 57. d5 1-0


[Site "https://www.chess.com"]

[Event "Titled Tuesday Blitz March 21 Late 2023"]
[White "Movahed, Sina"]
[Black "Svane, Rasmus"]
[WhiteFideId "42520835"]
[BlackFideId "4657101"]
[WhiteElo "2225"]
[BlackElo "2597"]
[Result "0-1"]
[Round "09"]
[TimeControl "180+2"]
[Date "2023.03.21"]
[WhiteClock "0:00:04"]
[BlackClock "0:00:47"]

1. Nf3 d5 2. g3 Nf6 3. Bg2 Nbd7 4. c4 dxc4 5. Qa4 a6 6. Qxc4 b5 7. Qc2 Bb7 8. O-O e6 9. d4 c5 10. Rd1 Rc8 11. d5 exd5 12. Nh4 Qb6 13. a4 g6 14. axb5 axb5 15. e4 d4 16. e5 Bxg2 17. exf6 Bb7 18. Qe2+ Kd8 19. Na3 c4 20. Bd2 d3 21. Qe1 b4 22. Rac1 Qc6 23. f3 Bc5+ 24. Kg2 Re8 25. Qxe8+ Kxe8 26. Nxc4 Qd5 27. Re1+ Kd8 28. Na5 Ba8 29. b3 g5 30. Rc4 gxh4 31. Ree4 Ne5 0-1


[Site "https://www.chess.com"]

[Event "Titled Tuesday Blitz March 21 Late 2023"]
[White "Firouzja, Alireza"]
[Black "Zakhartsov, Vladimir"]
[WhiteFideId "12573981"]
[BlackFideId "4145097"]
[WhiteElo "2904"]
[BlackElo "2521"]
[Result "1-0"]
[Round "09"]
[TimeControl "180+2"]
[Date "2023.03.21"]
[WhiteClock "0:00:36"]
[BlackClock "0:00:03"]

1. e4 e5 2. Nf3 Nc6 3. Bb5 a6 4. Ba4 b5 5. Bb3 Na5 6. O-O d6 7. Re1 Be7 8. d4 exd4 9. Nxd4 Nxb3 10. axb3 Bb7 11. Nc3 Nf6 12. Nf5 O-O 13. Bg5 h6 14. Bh4 b4 15. Nxe7+ Qxe7 16. Nd5 Bxd5 17. exd5 Qd8 18. Qd4 g5 19. Bg3 a5 20. Re3 Nh5 21. c4 Qf6 22. Qxf6 Nxf6 23. f3 Nd7 24. Re7 Rfd8 25. Bf2 Kf8 26. Ree1 Ne5 27. Bd4 Nd3 28. Re3 Nc5 29. Rae1 Rd7 30. h4 f5 31. Bxc5 dxc5 32. Re6 Rd6 33. hxg5 hxg5 34. Re7 c6 35. R7e5 cxd5 36. Rxf5+ Kg7 37. Rxg5+ Kf6 38. Rxd5 Rxd5 39. cxd5 Rd8 40. Rd1 Ke5 41. Kf2 a4 42. bxa4 c4 43. Ke2 Rg8 44. g4 Rh8 45. d6 Rh2+ 46. Ke3 Rh8 47. d7 Rd8 48. f4+ Ke6 49. Rd4 c3 50. bxc3 bxc3 51. Kd3 1-0


[Site "https://www.chess.com"]

[Event "Titled Tuesday Blitz March 21 Late 2023"]
[White "Bluebaum, Matthias"]
[Black "Vasquez Schroeder, Rodrigo"]
[WhiteFideId "24651516"]
[BlackFideId "3400042"]
[WhiteElo "2638"]
[BlackElo "2600"]
[Result "1-0"]
[Round "09"]
[TimeControl "180+2"]
[Date "2023.03.21"]
[WhiteClock "0:00:21"]
[BlackClock "0:00:02"]

1. d4 d5 2. c4 c6 3. Nf3 Nf6 4. Nc3 e6 5. Qc2 Nbd7 6. e4 dxe4 7. Nxe4 Nxe4 8. Qxe4 Bb4+ 9. Bd2 Bxd2+ 10. Nxd2 c5 11. dxc5 Qa5 12. a3 Qxc5 13. b4 Qc7 14. Be2 Rb8 15. Qd4 Nf6 16. Qxa7 O-O 17. O-O Rd8 18. Qe3 e5 19. h3 Be6 20. Rac1 Rd4 21. Rfd1 Rbd8 22. Nf3 Rxd1+ 23. Bxd1 e4 24. Nd4 Bd7 25. Be2 h6 26. c5 Re8 27. Nb5 Bxb5 28. Bxb5 Rd8 29. Be2 Qe5 30. Qc3 Qg5 31. Rd1 Rxd1+ 32. Bxd1 Nd5 33. Qd4 Nf4 34. Qxe4 Nxh3+ 35. Kf1 Nf4 36. Qxb7 Qd8 37. Qf3 Qd2 38. g3 Nd3 39. Qe2 Qc3 40. Bc2 Ne5 41. f4 Nd7 42. Qd3 Qa1+ 43. Kg2 Nf8 44. c6 Qf6 45. Qc4 Qd6 46. c7 Qd2+ 47. Kf1 Qc1+ 48. Ke2 1-0


[Site "https://www.chess.com"]

[Event "Titled Tuesday Blitz March 21 Late 2023"]
[White "Zierk, Steven"]
[Black "Andreikin, Dmitry"]
[WhiteFideId "2034255"]
[BlackFideId "4158814"]
[WhiteElo "2494"]
[BlackElo "2736"]
[Result "1-0"]
[Round "09"]
[TimeControl "180+2"]
[Date "2023.03.21"]
[WhiteClock "0:00:10"]
[BlackClock "0:00:01"]

1. e4 c5 2. Nf3 e6 3. d4 cxd4 4. Nxd4 Nc6 5. Nc3 a6 6. Be3 Nf6 7. f3 Qb6 8. Qd2 Qxb2 9. Rb1 Qa3 10. Be2 Bb4 11. Rb3 Qa5 12. O-O O-O 13. Rfb1 Bc5 14. Kh1 d6 15. Nxc6 bxc6 16. Bxc5 Qxc5 17. Na4 Qe5 18. Nb6 Rb8 19. Nc4 Rxb3 20. axb3 Qc5 21. Qxd6 Qf2 22. Bd3 h5 23. Qg3 Qc5 24. e5 Nd5 25. Qg5 g6 26. Nd6 Qe3 27. h4 a5 28. Qxe3 Nxe3 29. Ra1 Bd7 30. Rxa5 Rb8 31. Kg1 Kf8 32. Ra7 Be8 33. Kf2 Nd5 34. g4 c5 35. Ra5 Nb4 36. Be4 Bc6 37. Rxc5 Bxe4 38. Nxe4 hxg4 39. fxg4 Ra8 40. Nf6 Kg7 41. Rc4 Rb8 42. g5 Na2 43. Ke3 Rb5 44. Rc8 Rxe5+ 45. Kd4 1-0


[Site "https://www.chess.com"]

[Event "Titled Tuesday Blitz March 21 Late 2023"]
[White "Duda, Jan-Krzysztof"]
[Black "Dardha, Daniel"]
[WhiteFideId "1170546"]
[BlackFideId "240990"]
[WhiteElo "2790"]
[BlackElo "2581"]
[Result "0-1"]
[Round "09"]
[TimeControl "180+2"]
[Date "2023.03.21"]
[WhiteClock "0:00:02"]
[BlackClock "0:00:02"]

1. b4 e5 2. Bb2 Bxb4 3. Bxe5 Nf6 4. e3 O-O 5. Nf3 Re8 6. Be2 d5 7. O-O Bf8 8. c4 dxc4 9. Bxc4 c5 10. Bb2 Be6 11. Bxe6 Rxe6 12. Qc2 h6 13. Nc3 Nc6 14. a3 Qd7 15. Rfd1 Rc8 16. Ne2 Nd5 17. Rac1 Ree8 18. Ng3 b5 19. d3 Nb6 20. Ne4 Na4 21. Ba1 Qe6 22. Qb1 a6 23. h3 Red8 24. Nc3 Nb6 25. Ne2 Na5 26. Bc3 Nc6 27. Nf4 Qf5 28. g4 Qd7 29. d4 cxd4 30. Nxd4 Qe8 31. Nf5 Rxd1+ 32. Rxd1 Ne5 33. Bb4 Nbc4 34. Nd5 Kh8 35. Nxh6 Bxb4 36. axb4 Nf3+ 37. Kg2 Nfd2 38. Qf5 gxh6 39. Nf6 Qc6+ 40. e4 Kg7 41. Nh5+ Kf8 42. Nf6 Qe6 43. Qf4 Rc6 44. Qxh6+ Ke7 45. g5 Qe5 0-1


[Site "https://www.chess.com"]

[Event "Titled Tuesday Blitz March 21 Late 2023"]
[White "Ibarra Jerez, Jose Carlos"]
[Black "Bortnyk, Olexandr"]
[WhiteFideId "2226332"]
[BlackFideId "14120828"]
[WhiteElo "2638"]
[BlackElo "2734"]
[Result "1-0"]
[Round "09"]
[TimeControl "180+2"]
[Date "2023.03.21"]
[WhiteClock "0:00:07"]
[BlackClock "0:00:01"]

1. e4 Nf6 2. e5 Nd5 3. c4 Nb6 4. d4 d6 5. exd6 exd6 6. Nc3 Be7 7. Bd3 O-O 8. Nge2 Nc6 9. O-O Bg4 10. f3 Bh5 11. b3 Re8 12. Be3 Bg5 13. Bf2 d5 14. c5 Nc8 15. a3 Bg6 16. Bxg6 hxg6 17. Qd3 a6 18. b4 Qd7 19. h4 Bf6 20. g4 Nd8 21. Kg2 Ne6 22. Rh1 Na7 23. g5 Be7 24. Be3 Nb5 25. Nd1 Na7 26. a4 Nc6 27. Rb1 a5 28. b5 Nb4 29. Qd2 c6 30. b6 f6 31. Nf2 Rf8 32. Ng4 Rae8 33. Ng3 Qc8 34. Nf2 Qb8 35. Rbe1 Rf7 36. Nh3 Ref8 37. Ref1 fxg5 38. Nxg5 Bxg5 39. hxg5 Nf4+ 40. Bxf4 Qxf4 41. Qxf4 Rxf4 42. Ne2 R4f7 43. Rh4 Re7 44. Nf4 Kf7 45. Kf2 Rfe8 46. Rfh1 Re3 47. Rh8 Nc2 48. Rxe8 Rxe8 49. Rd1 Ne3 50. Re1 Nf5 51. Rxe8 Kxe8 52. Ne2 Kd7 53. Ke1 Ke6 54. Nf4+ Kf7 55. Ne2 Nh4 56. Kf2 Nf5 57. Ke1 Ke7 58. Kd2 Nh4 59. Ke3 Ke6 60. Nf4+ Kf5 61. Nxd5 Kxg5 62. Ne7 Ng2+ 63. Ke4 Nf4 64. Nxc6 1-0


[Site "https://www.chess.com"]

[Event "Titled Tuesday Blitz March 21 Late 2023"]
[White "Zhigalko, Sergei"]
[Black "Fedoseev, Vladimir"]
[WhiteFideId "13502956"]
[BlackFideId "24130737"]
[WhiteElo "2626"]
[BlackElo "2752"]
[Result "0-1"]
[Round "09"]
[TimeControl "180+2"]
[Date "2023.03.21"]
[WhiteClock "0:00:05"]
[BlackClock "0:01:01"]

1. e4 c5 2. Nf3 d6 3. d4 cxd4 4. Qxd4 Nc6 5. Bb5 a6 6. Bxc6+ bxc6 7. c4 e5 8. Qd3 Ne7 9. O-O Ng6 10. Nc3 Be7 11. Be3 Qc7 12. c5 dxc5 13. Na4 O-O 14. Bxc5 Bg4 15. Qe3 Rab8 16. b3 f5 17. exf5 Rxf5 18. Bxe7 Bxf3 19. Bc5 Nh4 20. gxf3 e4 21. f4 Nf3+ 22. Kg2 Rg5+ 23. Kh1 Rh5 24. Kg2 Qd7 25. f5 Qxf5 26. Bd6 Qh3+ 27. Kh1 Qxh2+ 28. Bxh2 Rxh2# 0-1


[Site "https://www.chess.com"]

[Event "Titled Tuesday Blitz March 21 Late 2023"]
[White "Gharibyan, Mamikon"]
[Black "Sarana, Alexey"]
[WhiteFideId "13308300"]
[BlackFideId "24133795"]
[WhiteElo "2445"]
[BlackElo "2714"]
[Result "0-1"]
[Round "09"]
[TimeControl "180+2"]
[Date "2023.03.21"]
[WhiteClock "0:00:05"]
[BlackClock "0:00:52"]

1. d4 Nf6 2. c4 e6 3. Nf3 d5 4. g3 Bb4+ 5. Bd2 Be7 6. Bg2 c6 7. Qc2 b6 8. O-O Ba6 9. b3 O-O 10. Rd1 Nbd7 11. a4 c5 12. a5 Qc8 13. e3 Bb7 14. cxd5 Nxd5 15. Qb2 N5f6 16. Rc1 Bc6 17. b4 Rb8 18. axb6 axb6 19. b5 Bb7 20. Na3 Bd5 21. dxc5 Nxc5 22. Bb4 Qb7 23. Bxc5 Bxc5 24. Qe2 Ne4 25. Nc4 Rbc8 26. h4 Rfd8 27. Nce5 h6 28. Ra4 Bd6 29. Nc4 Rc5 30. Kh2 Bb8 31. Nd4 Qc7 32. Nc6 Nxg3 33. fxg3 Qxg3+ 34. Kg1 Qh2+ 35. Kf1 Bxg2+ 36. Qxg2 Rf5+ 0-1


[Site "https://www.chess.com"]

[Event "Titled Tuesday Blitz March 21 Late 2023"]
[White "Bok, Benjamin"]
[Black "Rustemov, Alexander"]
[WhiteFideId "1017063"]
[BlackFideId "4119002"]
[WhiteElo "2658"]
[BlackElo "2865"]
[Result "0-1"]
[Round "09"]
[TimeControl "180+2"]
[Date "2023.03.21"]
[WhiteClock "0:00:02"]
[BlackClock "0:00:09"]

1. c4 c5 2. Nf3 g6 3. g3 Bg7 4. Bg2 Nc6 5. Nc3 b6 6. O-O Bb7 7. e3 Bxc3 8. dxc3 d6 9. e4 Qc7 10. Re1 Nf6 11. Bh6 Ng4 12. Bf4 h5 13. h3 Nge5 14. Qe2 f6 15. Rad1 g5 16. Be3 g4 17. Nh4 O-O-O 18. Bf4 Kb8 19. b4 cxb4 20. cxb4 Nxb4 21. Bxe5 dxe5 22. hxg4 hxg4 23. a3 Nc6 24. Rxd8+ Rxd8 25. Qxg4 Nd4 26. Qg7 Ne6 27. Qf7 Ng5 28. Qg7 Ne6 29. Qg4 Nc5 30. Qg7 Qd6 31. Nf5 Qd7 32. Qxe7 Qxe7 33. Nxe7 Rd3 34. Ng8 Rd6 35. f3 Bc8 36. Bf1 Kc7 37. Be2 Kd8 38. Rd1 Rxd1+ 39. Bxd1 f5 40. exf5 Bxf5 41. Nf6 Be6 42. Ng4 e4 43. Ne3 exf3 44. Bxf3 Ke7 45. g4 Kd6 46. Kf2 Ke5 47. Kg3 Kd4 48. Nf5+ Kxc4 49. Kf4 Kb3 50. Ke5 Bc4 51. g5 Nd7+ 52. Kd4 Be6 53. Bd5+ Bxd5 54. Kxd5 Kxa3 55. g6 Nf6+ 56. Ke6 Nh5 57. Ng3 Nf4+ 58. Kf5 Nxg6 59. Kxg6 a5 60. Kf5 a4 61. Ke4 Kb2 62. Ne2 a3 63. Nd4 a2 0-1


[Site "https://www.chess.com"]

[Event "Titled Tuesday Blitz March 21 Late 2023"]
[White "Deac, Bogdan-Daniel"]
[Black "Moussard, Jules"]
[WhiteFideId "1226380"]
[BlackFideId "642908"]
[WhiteElo "2649"]
[BlackElo "2610"]
[Result "1-0"]
[Round "09"]
[TimeControl "180+2"]
[Date "2023.03.21"]
[WhiteClock "0:00:07"]
[BlackClock "0:00:04"]

1. h3 e5 2. c4 Nf6 3. Nc3 c6 4. Nf3 e4 5. Nd4 d5 6. cxd5 cxd5 7. d3 Bc5 8. Nb3 Bb4 9. dxe4 Nxe4 10. Bd2 Bxc3 11. Bxc3 O-O 12. g3 Nc6 13. Bg2 Qb6 14. e3 Nxc3 15. bxc3 Be6 16. O-O Rac8 17. Rb1 Qc7 18. Nd4 Ne5 19. Qa4 a6 20. Qb3 b5 21. a4 Nc4 22. Rfd1 bxa4 23. Qxa4 Nxe3 24. fxe3 Qxg3 25. Nxe6 Qxe3+ 26. Kh1 fxe6 27. Re1 Qxc3 28. Rxe6 d4 29. Qxa6 Kh8 30. Rd1 Qb3 31. Qe2 Rc2 32. Re8 Rc8 33. Rxf8+ Rxf8 34. Rxd4 Qb1+ 35. Rd1 Qb6 36. Qe4 Qf6 37. Re1 Qf2 38. Qe5 Qd2 39. Rb1 Qd8 40. Rb7 Rg8 41. Bd5 Qc8 42. Kg2 Qc2+ 43. Kg3 Qg6+ 44. Kh2 Rf8 45. Rb8 Qc2+ 46. Bg2 Qf2 47. Rb7 Rg8 48. Kh1 Qd2 49. Re7 Qc1+ 50. Kh2 Qd2 51. Rf7 h6 52. h4 Qb4 53. Rf4 Qd2 54. Rd4 Qf2 55. Rf4 Qd2 56. Rf7 Qc2 57. h5 Qd2 58. Re7 Qc2 59. Rf7 Qb3 60. Re7 Qc2 61. Kh3 Qd3+ 62. Kh2 Qd2 63. Kg3 Qd3+ 64. Bf3 Qb3 65. Rb7 Qd3 66. Rc7 Qa3 67. Rb7 Qd3 68. Re7 Qb3 69. Rc7 Qd3 70. Kg2 Qd2+ 71. Kh3 Qd3 72. Rc3 Qf1+ 73. Bg2 Qf2 74. Rc7 Qg1 75. Bd5 Rf8 76. Bg2 Rg8 77. Qf5 Qb6 78. Rc6 Qe3+ 79. Bf3 Qb3 80. Re6 Rd8 81. Kg3 Rg8 82. Re4 Qd3 83. Kg2 Qd2+ 84. Re2 Qd1 85. Rf2 Qd4 86. Be4 g6 87. hxg6 Qd6 88. Qf6+ Qxf6 89. Rxf6 h5 90. Rf7 Re8 91. Rh7+ Kg8 92. Bd5+ Kf8 93. Rf7+ Kg8 94. Re7+ Kf8 95. Rxe8+ Kg7 96. Re6 1-0


[Site "https://www.chess.com"]

[Event "Titled Tuesday Blitz March 21 Late 2023"]
[White "Van Foreest, Lucas"]
[Black "Makarian, Rudik"]
[WhiteFideId "1039792"]
[BlackFideId "44105681"]
[WhiteElo "2519"]
[BlackElo "2436"]
[Result "1-0"]
[Round "09"]
[TimeControl "180+2"]
[Date "2023.03.21"]
[WhiteClock "0:00:06"]
[BlackClock "0:00:02"]

1. e4 c5 2. Qg4 Nc6 3. Qh4 Nf6 4. Nf3 d6 5. Bb5 e5 6. d3 Be7 7. Bg5 h6 8. O-O O-O 9. Bxf6 Bxf6 10. Qg3 Nd4 11. Nxd4 cxd4 12. Bc4 Kh7 13. Nd2 Bh4 14. Qf3 Bg5 15. Qe2 Be6 16. Nf3 Rc8 17. Bxe6 fxe6 18. g3 h5 19. Nxg5+ Qxg5 20. h4 Qg4 21. Qxg4 hxg4 22. Rac1 Rc6 23. c4 Rf3 24. Rfd1 Ra6 25. a3 Rb6 26. b4 Ra6 27. Ra1 Rc6 28. Kf1 d5 29. exd5 exd5 30. c5 Kg6 31. Ra2 Kf5 32. Rc2 Ke6 33. b5 Rc8 34. a4 e4 35. dxe4 d3 36. exd5+ Kxd5 37. c6 bxc6 38. Rxc6 Rxc6 39. bxc6 Kxc6 40. Ke1 Kd5 41. Rb1 Rf7 42. Rb4 d2+ 43. Kxd2 Rxf2+ 44. Ke1 Ra2 45. Rxg4 Kc5 46. Kf1 a5 47. Kg1 Kc6 48. h5 Kc5 49. Rxg7 Rxa4 50. h6 Ra1+ 51. Kg2 Ra2+ 52. Kh3 Ra1 53. Rg5+ Kb4 54. Kg4 Rd1 55. h7 Rd4+ 56. Kh5 Rd8 57. Rg8 Rd1 58. Rg4+ Kb5 59. h8=Q Rd5+ 60. Rg5 1-0


[Site "https://www.chess.com"]

[Event "Titled Tuesday Blitz March 21 Late 2023"]
[White "Kobo, Ori"]
[Black "Indjic, Aleksandar"]
[WhiteFideId "2812320"]
[BlackFideId "911925"]
[WhiteElo "2447"]
[BlackElo "2614"]
[Result "0-1"]
[Round "09"]
[TimeControl "180+2"]
[Date "2023.03.21"]
[WhiteClock "0:00:02"]
[BlackClock "0:00:18"]

1. b3 d5 2. Bb2 Bf5 3. d3 e6 4. Nd2 Nf6 5. g3 h6 6. Bg2 Bh7 7. e4 a5 8. a4 Be7 9. Nh3 c6 10. O-O Na6 11. Nf4 Nc5 12. Qe2 O-O 13. e5 Nfd7 14. d4 Na6 15. c3 Nc7 16. h4 b5 17. Nh5 Kh8 18. Qg4 Rg8 19. Rfe1 c5 20. Re3 b4 21. Rf3 bxc3 22. Bxc3 Qe8 23. Rc1 Na6 24. Bf1 Nc7 25. Bd3 Bxd3 26. Rxd3 Ra6 27. Rf3 Na8 28. Qf4 Rf8 29. Qg4 Rg8 30. Qf4 Rf8 31. Qg4 g6 32. Nf6 Bxf6 33. exf6 cxd4 34. Bxd4 e5 35. Re1 Re6 36. Bb2 Nab6 37. Rfe3 d4 38. Bxd4 Nxf6 39. Rxe5 Rxe5 40. Rxe5 Qd8 41. Qf4 Kh7 42. Nf3 Nbd5 43. Qd2 Qd6 44. Qe2 Rb8 45. Qc4 Qd7 46. Re1 Qh3 47. Ne5 Re8 48. Qf1 Qf5 49. Qd3 Rxe5 50. Qxf5 Rxe1+ 51. Kg2 gxf5 0-1


[Site "https://www.chess.com"]

[Event "Titled Tuesday Blitz March 21 Late 2023"]
[White "Martinez Alcantara, Jose Eduardo"]
[Black "Timofeev, Artyom"]
[WhiteFideId "3805662"]
[BlackFideId "4140419"]
[WhiteElo "2712"]
[BlackElo "2586"]
[Result "1-0"]
[Round "09"]
[TimeControl "180+2"]
[Date "2023.03.21"]
[WhiteClock "0:01:00"]
[BlackClock "0:00:20"]

1. e4 c5 2. Nf3 Nc6 3. c3 Nf6 4. Bd3 d5 5. e5 Nd7 6. Bb5 e6 7. d4 Be7 8. O-O O-O 9. a3 cxd4 10. cxd4 f6 11. exf6 Bxf6 12. Nc3 Qb6 13. Be3 a6 14. Bxc6 Qxc6 15. Rc1 Qd6 16. Qd2 Be7 17. Rfe1 Nb6 18. Bg5 Bxg5 19. Qxg5 Nc4 20. Re2 Bd7 21. Rce1 Rac8 22. Ne5 Nxe5 23. Rxe5 Rc4 24. Qd2 Rfc8 25. h4 Qb6 26. Rd1 h6 27. h5 Be8 28. g4 Ba4 29. Nxa4 Rxa4 30. Qe3 Rc6 31. g5 hxg5 32. Rxg5 Rac4 33. h6 Rc7 34. Qe5 1-0


[Site "https://www.chess.com"]

[Event "Titled Tuesday Blitz March 21 Late 2023"]
[White "Yeletsky, Ivan"]
[Black "Steinberg, Nitzan"]
[WhiteFideId "24180327"]
[BlackFideId "2801795"]
[WhiteElo "2414"]
[BlackElo "2486"]
[Result "0-1"]
[Round "09"]
[TimeControl "180+2"]
[Date "2023.03.21"]
[WhiteClock "0:00:04"]
[BlackClock "0:00:11"]

1. e4 c5 2. Nf3 e6 3. d4 cxd4 4. Nxd4 Nc6 5. Nc3 Qc7 6. Be3 a6 7. g4 b5 8. Nxc6 Qxc6 9. Qd2 Bb7 10. O-O-O Rc8 11. f3 Bb4 12. Bd4 f6 13. a3 Ba5 14. e5 b4 15. axb4 Bxb4 16. exf6 Nxf6 17. Qg5 O-O 18. Bd3 Qc7 19. Qh4 Qf4+ 20. Kb1 g6 21. Ne2 Qxf3 22. Rhf1 Qxg4 23. Bxf6 Qxh4 24. Bxh4 Bf3 25. c3 Bc5 26. Kc2 a5 27. Kd2 Rb8 28. Rb1 a4 29. Bg3 Rb6 30. Nd4 Bd5 31. Rxf8+ Bxf8 32. Bc2 Ba2 33. Ra1 Rxb2 34. Be5 Bh6+ 35. Kd3 d5 36. Ke2 Bb3 37. Kd1 Be3 38. h4 Bxd4 39. Bxb3 Bxe5 40. Bxa4 Bxc3 41. Rc1 Rd2+ 42. Ke1 Rc2+ 43. Kd1 Rxc1+ 44. Kxc1 Bf6 45. h5 gxh5 46. Bd1 h4 47. Bg4 Kf7 48. Kd2 Ke7 49. Ke3 Kd6 50. Kf4 h6 51. Bh3 Bg5+ 52. Kg4 Ke5 53. Kh5 d4 54. Bf1 Ke4 0-1


[Site "https://www.chess.com"]

[Event "Titled Tuesday Blitz March 21 Late 2023"]
[White "Urazayev, Arystanbek"]
[Black "Hansen, Eric"]
[WhiteFideId "13709810"]
[BlackFideId "2606771"]
[WhiteElo "2479"]
[BlackElo "2569"]
[Result "1-0"]
[Round "09"]
[TimeControl "180+2"]
[Date "2023.03.21"]
[WhiteClock "0:00:29"]
[BlackClock "0:00:01"]

1. e4 e5 2. Nf3 Nc6 3. Bb5 Qf6 4. d4 exd4 5. O-O a6 6. Ba4 Bc5 7. e5 Qg6 8. Re1 Nh6 9. Nbd2 Ba7 10. Ne4 Nf5 11. h3 b5 12. Bb3 Na5 13. Nd6+ cxd6 14. exd6+ Kf8 15. Ne5 Qf6 16. Bd5 Nxd6 17. Bxa8 h5 18. Qf3 Nac4 19. Nd3 Qxf3 20. Bxf3 g6 21. b3 Na5 22. Ba3 Bb8 23. Bc5 Nc6 24. Bxc6 dxc6 25. Bxd4 Rg8 26. Rad1 Nf5 27. Bf6 Ba7 28. Nc5 Bb6 29. b4 1-0


[Site "https://www.chess.com"]